RL
PUHI DOLPHINS @ TULSA TWISTERS
05/19/2060
 
TOP OF THE 1ST
Puhi Dolphins batting - Pitching for Tulsa Twisters : LHP London Fries
Pitching: LHP London Fries
Batting: RHB Cole Perkins 0-0: Ball
1-0: Called Strike
1-1: Ball
2-1: Ball
3-1: Called Strike
3-2: SINGLE (Groundball, 56D, EV 105.0 MPH)
Batting: SHB Nathaniel Cossey 0-0: SINGLE (Line Drive, 9S, EV 86.2 MPH)
Cole Perkins to second
Runner from 2nd tries for 3rd, SAFE, throw by RF made to third
Batting: RHB Kelly Brown 0-0: Ball
1-0: Fly out, F7 (Line Drive, 7S, EV 92.5 MPH)
Batting: RHB Jonathan Hooper 0-0: Fielders Choice at 2nd, 4-6 (Groundball, 34D, EV 108.1 MPH)
Cole Perkins scores
Batting: LHB Colton Clem 0-0: Called Strike
0-1: Ball
1-1: Ball
2-1: Ground out U3 (Groundball, 3, EV 87.5 MPH)
Top of the 1st over - 1 run, 2 hits, 0 errors, 1 left on base; Puhi 1 - Tulsa 0
BOTTOM OF THE 1ST
Tulsa Twisters batting - Pitching for Puhi Dolphins : RHP Dan Moody
Pitching: RHP Dan Moody
Batting: RHB Liam Slaybaugh 0-0: Called Strike
0-1: Ball
1-1: Foul Ball, location: 2F
1-2: Fly out, F9 (Flyball, 9, EV 76.2 MPH)
Batting: RHB Colton Hevner 0-0: SINGLE (Groundball, 6S, EV 70.0 MPH) (infield hit)
Batting: RHB Lance Abramowitz 0-0: Called Strike
0-1: Ball
1-1: Fly out, F7 (Flyball, 78M, EV 86.2 MPH)
Batting: LHB Marc Guilfoy 0-0: Swinging Strike
0-1: Ball
1-1: Foul Ball, location: 2F
1-2: Ground out 4-3 (Groundball, 4S, EV 70.0 MPH)
Bottom of the 1st over - 0 runs, 1 hit, 0 errors, 1 left on base; Puhi 1 - Tulsa 0
TOP OF THE 2ND
Puhi Dolphins batting - Pitching for Tulsa Twisters : LHP London Fries
Batting: RHB Derrick Velasquez 0-0: Ball
1-0: Ball
2-0: Called Strike
2-1: Called Strike
2-2: Fly out, F9 (Flyball, 89D, EV 75.0 MPH)
Batting: RHB Donald Bartell 0-0: Ball
1-0: Foul Ball, location: 2F
1-1: Swinging Strike
1-2: Ball
2-2: Foul Ball, location: 2F
2-2: Strikes out swinging
Batting: SHB Sayid Young 0-0: Ball
1-0: Ball
2-0: Ball
3-0: Called Strike
3-1: Swinging Strike
3-2: Base on Balls
Batting: RHB Noah Fazliu 0-0: Ball
1-0: Called Strike
1-1: SINGLE (Groundball, 56D, EV 96.2 MPH)
Sayid Young to second
Runner from 2nd tries for 3rd, SAFE, throw by LF made to third
Batting: RHB Cole Perkins 0-0: Ball
1-0: Ball
2-0: Ball
3-0: Base on Balls
Noah Fazliu to second
Batting: SHB Nathaniel Cossey 0-0: Called Strike
0-1: Ball
1-1: Foul Ball, location: 2F
1-2: SINGLE (Line Drive, 34, EV 106.2 MPH)
Sayid Young scores
Noah Fazliu to third
Cole Perkins to second
Runner from 3rd tries for Home, throw by RF and OUT! 9-2
Top of the 2nd over - 1 run, 2 hits, 0 errors, 2 left on base; Puhi 2 - Tulsa 0
BOTTOM OF THE 2ND
Tulsa Twisters batting - Pitching for Puhi Dolphins : RHP Dan Moody
Batting: RHB Riley Paley 0-0: Foul Ball, location: 2F
0-1: Called Strike
0-2: Foul Ball, location: 2F
0-2: Strikes out looking
Batting: SHB Jachin Ferré 0-0: Ball
1-0: Called Strike
1-1: SINGLE (Groundball, 4MS, EV 85.0 MPH) (infield hit)
Batting: LHB Marco Rosso 0-0: Ball
1-0: Swinging Strike
1-1: Ball
2-1: Ball
3-1: Foul Ball, location: 2F
3-2: Strikes out looking
Batting: RHB Clendon Knott 0-0: Ball
1-0: Ball
2-0: Foul Ball, location: 2F
2-1: Called Strike
2-2: Strikes out swinging
Bottom of the 2nd over - 0 runs, 1 hit, 0 errors, 1 left on base; Puhi 2 - Tulsa 0
TOP OF THE 3RD
Puhi Dolphins batting - Pitching for Tulsa Twisters : LHP London Fries
Batting: RHB Kelly Brown 0-0: Called Strike
0-1: Ball
1-1: Foul Ball, location: 2F
1-2: Ground out 1-3 (Groundball, P, EV 72.5 MPH)
Batting: RHB Jonathan Hooper 0-0: Swinging Strike
0-1: SINGLE (Groundball, 34D, EV 95.0 MPH)
Batting: LHB Colton Clem 0-0: Ball
1-0: Ball
2-0: Ball
3-0: Base on Balls
Jonathan Hooper to second
Batting: RHB Derrick Velasquez 0-0: Foul Ball, location: 2F
0-1: Ball
1-1: Ball
2-1: Ball
3-1: Base on Balls
Jonathan Hooper to third
Colton Clem to second
Batting: RHB Donald Bartell 0-0: Foul Ball, location: 2F
0-1: Called Strike
0-2: Ball
1-2: Strikes out looking
Batting: SHB Sayid Young 0-0: Fly out, F5 (Popup, 25F, EV 85.6 MPH)
Top of the 3rd over - 0 runs, 1 hit, 0 errors, 3 left on base; Puhi 2 - Tulsa 0
BOTTOM OF THE 3RD
Tulsa Twisters batting - Pitching for Puhi Dolphins : RHP Dan Moody
Batting: RHB Lamar Pakpahan 0-0: Ground out 4-3 (Groundball, 4, EV 106.2 MPH)
Batting: RHB Liam Slaybaugh 0-0: Foul Ball, location: 2F
0-1: Ball
1-1: Called Strike
1-2: Ball
2-2: Ground out 4-3 (Groundball, 4MD, EV 93.8 MPH)
Batting: RHB Colton Hevner 0-0: Ball
1-0: Foul Ball, location: 2F
1-1: Called Strike
1-2: Fly out, F8 (Flyball, 89D, EV 90.6 MPH)
Bottom of the 3rd over - 0 runs, 0 hits, 0 errors, 0 left on base; Puhi 2 - Tulsa 0
TOP OF THE 4TH
Puhi Dolphins batting - Pitching for Tulsa Twisters : LHP London Fries
Batting: RHB Noah Fazliu 0-0: Ball
1-0: Foul Ball, location: 2F
1-1: Foul Ball, location: 2F
1-2: Strikes out swinging
Batting: RHB Cole Perkins 0-0: Ball
1-0: Ground out 6-3 (Groundball, 6, EV 108.1 MPH)
Batting: SHB Nathaniel Cossey 0-0: Ground out 6-3 (Groundball, 6D, EV 101.9 MPH)
Top of the 4th over - 0 runs, 0 hits, 0 errors, 0 left on base; Puhi 2 - Tulsa 0
BOTTOM OF THE 4TH
Tulsa Twisters batting - Pitching for Puhi Dolphins : RHP Dan Moody
Batting: RHB Lance Abramowitz 0-0: Called Strike
0-1: Ball
1-1: Ball
2-1: Foul Ball, location: 2F
2-2: Ball
3-2: Foul Ball, location: 2F
3-2: Strikes out swinging
Batting: LHB Marc Guilfoy 0-0: Ball
1-0: Ground out 2-3 (Groundball, 15S, EV 68.8 MPH)
Batting: RHB Riley Paley 0-0: Ball
1-0: Called Strike
1-1: Ball
2-1: Called Strike
2-2: Foul Ball, location: 2F
2-2: Ball
3-2: Strikes out swinging
Bottom of the 4th over - 0 runs, 0 hits, 0 errors, 0 left on base; Puhi 2 - Tulsa 0
TOP OF THE 5TH
Puhi Dolphins batting - Pitching for Tulsa Twisters : LHP London Fries
Batting: RHB Kelly Brown 0-0: Foul Ball, location: 2F
0-1: Ball
1-1: Swinging Strike
1-2: Ball
2-2: Ball
3-2: Strikes out swinging
Batting: RHB Jonathan Hooper 0-0: DOUBLE (Line Drive, 3D, EV 107.5 MPH)
Batting: LHB Colton Clem 0-0: SINGLE (Line Drive, 9LM, EV 105.6 MPH)
Jonathan Hooper to third
Runner from 3rd tries for Home, SAFE, throw by RF to home
Batting: RHB Derrick Velasquez 0-0: Swinging Strike
0-1: Ball
1-1: Ball
2-1: Called Strike
2-2: Foul Ball, location: 2F
2-2: Ball
3-2: Foul Ball, location: 2F
3-2: Fly out, F7 (Flyball, 7D, EV 106.9 MPH)
Batting: RHB Donald Bartell 0-0: Ball
1-0: Ball
2-0: Swinging Strike
2-1: Ball
3-1: Base on Balls
Colton Clem to second
Batting: SHB Sayid Young 0-0: Foul Ball, location: 2F
0-1: Ball
Wild Pitch!
Colton Clem to third
Donald Bartell to second
1-1: Ball
2-1: Foul Ball, location: 2F
2-2: Foul Ball, location: 2F
2-2: Strikes out swinging
Top of the 5th over - 1 run, 2 hits, 0 errors, 2 left on base; Puhi 3 - Tulsa 0
BOTTOM OF THE 5TH
Tulsa Twisters batting - Pitching for Puhi Dolphins : RHP Dan Moody
Batting: SHB Jachin Ferré 0-0: Called Strike
0-1: Swinging Strike
0-2: Ball
1-2: Strikes out swinging
Batting: LHB Marco Rosso 0-0: Reached via error on a dropped throw from 1B, E1 (Groundball, 3L, EV 111.2 MPH)
Batting: RHB Clendon Knott 0-0: Called Strike
Marco Rosso steals 2nd base
0-1: Swinging Strike
0-2: Strikes out swinging
Batting: RHB Lamar Pakpahan 0-0: Ball
1-0: Called Strike
1-1: Foul Ball, location: 2F
1-2: Strikes out swinging
Bottom of the 5th over - 0 runs, 0 hits, 1 error, 1 left on base; Puhi 3 - Tulsa 0
TOP OF THE 6TH
Puhi Dolphins batting - Pitching for Tulsa Twisters : LHP London Fries
Batting: RHB Noah Fazliu 0-0: Ball
1-0: Fly out, F6 (Line Drive, 56, EV 76.2 MPH)
Batting: RHB Cole Perkins 0-0: Ball
1-0: Ball
2-0: Ball
3-0: Base on Balls
Batting: SHB Nathaniel Cossey 0-0: Fly out, F8 (Line Drive, 8LM, EV 88.8 MPH)
Batting: RHB Kelly Brown 0-0: Called Strike
0-1: Ball
1-1: Foul Ball, location: 2F
1-2: Ball
2-2: Fielders Choice at 2nd, 6-4 (Groundball, 6, EV 78.8 MPH)
Top of the 6th over - 0 runs, 0 hits, 0 errors, 1 left on base; Puhi 3 - Tulsa 0
BOTTOM OF THE 6TH
Tulsa Twisters batting - Pitching for Puhi Dolphins : RHP Dan Moody
Batting: RHB Liam Slaybaugh 0-0: Ball
1-0: DOUBLE (Line Drive, 89D, EV 114.4 MPH)
Batting: RHB Colton Hevner 0-0: Foul Ball, location: 2F
0-1: Ball
Liam Slaybaugh steals 3rd base
1-1: Swinging Strike
1-2: Strikes out swinging, 2-3 out at first.
Batting: RHB Lance Abramowitz 0-0: Ball
1-0: Ball
2-0: Called Strike
2-1: Foul Ball, location: 2F
2-2: Ball
3-2: Strikes out swinging
Batting: LHB Marc Guilfoy 0-0: Called Strike
0-1: Ball
1-1: Foul Ball, location: 2F
1-2: Ground out 6-3 (Groundball, 56, EV 102.5 MPH)
Bottom of the 6th over - 0 runs, 1 hit, 0 errors, 1 left on base; Puhi 3 - Tulsa 0
TOP OF THE 7TH
Puhi Dolphins batting - Pitching for Tulsa Twisters : LHP London Fries
Pitching: RHP Tucker Roach
Batting: RHB Jonathan Hooper 0-0: Ball
1-0: Ball
2-0: Ball
3-0: Base on Balls
Batting: LHB Colton Clem 0-0: Ball
1-0: Called Strike
1-1: Called Strike
1-2: Strikes out swinging
Batting: RHB Derrick Velasquez 0-0: Ball
1-0: Fly out, F4 (Flyball, 4D, EV 89.4 MPH)
Batting: RHB Donald Bartell 0-0: Ball
1-0: Called Strike
1-1: Fly out, F7 (Flyball, 78M, EV 91.2 MPH)
Top of the 7th over - 0 runs, 0 hits, 0 errors, 1 left on base; Puhi 3 - Tulsa 0
BOTTOM OF THE 7TH
Tulsa Twisters batting - Pitching for Puhi Dolphins : RHP Dan Moody
Batting: RHB Riley Paley 0-0: Foul Ball, location: 2F
0-1: Ball
1-1: Foul Ball, location: 2F
1-2: Ball
2-2: Ball
3-2: SINGLE (Flyball, 3D, EV 91.2 MPH) - OUT at second base trying to stretch hit.
Batting: SHB Jachin Ferré 0-0: Swinging Strike
0-1: Called Strike
0-2: Ball
1-2: Strikes out swinging
Batting: LHB Marco Rosso 0-0: Ball
1-0: Swinging Strike
1-1: Called Strike
1-2: Strikes out swinging
Bottom of the 7th over - 0 runs, 1 hit, 0 errors, 0 left on base; Puhi 3 - Tulsa 0
TOP OF THE 8TH
Puhi Dolphins batting - Pitching for Tulsa Twisters : RHP Tucker Roach
Batting: SHB Sayid Young 0-0: Ball
1-0: Ball
2-0: Fly out, F8 (Flyball, 8LM, EV 88.1 MPH)
Batting: RHB Noah Fazliu 0-0: Ball
1-0: Ball
2-0: Ball
3-0: Base on Balls
Batting: RHB Cole Perkins 0-0: Foul Ball, location: 2F
0-1: Swinging Strike
0-2: Ball
1-2: Ball
2-2: Ball
3-2: Foul Ball, location: 2F
3-2: Fly out, F4 (Popup, 4S, EV 81.9 MPH)
Pitching: RHP Alexis Simbolon
Batting: SHB Nathaniel Cossey 0-0: Ball
1-0: Swinging Strike
1-1: Reached on error, E4 (Groundball, 4S, EV 83.1 MPH)
Noah Fazliu to third
Batting: RHB Kelly Brown 0-0: Called Strike
0-1: Ball
1-1: Ground out 4-3 (Groundball, 34, EV 98.8 MPH)
Top of the 8th over - 0 runs, 0 hits, 1 error, 2 left on base; Puhi 3 - Tulsa 0
BOTTOM OF THE 8TH
Tulsa Twisters batting - Pitching for Puhi Dolphins : RHP Dan Moody
Batting: RHB Clendon Knott 0-0: Swinging Strike
0-1: Foul Ball, location: 2F
0-2: Ground out 6-3 (Groundball, 6MD, EV 86.2 MPH)
Batting: RHB Lamar Pakpahan 0-0: Ball
1-0: Fly out, F9 (Flyball, 9LSF, EV 90.6 MPH)
Batting: RHB Liam Slaybaugh 0-0: Foul Ball, location: 2F
0-1: Ball
1-1: Foul Ball, location: 2F
1-2: Ball
2-2: Strikes out looking
Bottom of the 8th over - 0 runs, 0 hits, 0 errors, 0 left on base; Puhi 3 - Tulsa 0
TOP OF THE 9TH
Puhi Dolphins batting - Pitching for Tulsa Twisters : RHP Alexis Simbolon
Batting: RHB Jonathan Hooper 0-0: Swinging Strike
0-1: Ball
1-1: Ball
2-1: Ball
3-1: Called Strike
3-2: Strikes out looking
Batting: LHB Colton Clem 0-0: Ball
1-0: Foul Ball, location: 2F
1-1: Foul Ball, location: 2F
1-2: Ball
2-2: Foul Ball, location: 2F
2-2: DOUBLE (Line Drive, 78D, EV 113.1 MPH)
Batting: RHB Derrick Velasquez 0-0: Fly out, F9 (Flyball, 9LS, EV 83.1 MPH)
Batting: RHB Donald Bartell 0-0: SINGLE (Groundball, 34D, EV 108.8 MPH)
Colton Clem to third
Runner from 3rd tries for Home, SAFE, throw by RF to home
Batting: SHB Sayid Young 0-0: Fly out, F7 (Flyball, 7, EV 96.9 MPH)
Top of the 9th over - 1 run, 2 hits, 0 errors, 1 left on base; Puhi 4 - Tulsa 0
BOTTOM OF THE 9TH
Tulsa Twisters batting - Pitching for Puhi Dolphins : RHP Dan Moody
Batting: RHB Colton Hevner 0-0: Foul Ball, location: 2F
0-1: SINGLE (Line Drive, 8LS, EV 95.0 MPH)
Batting: RHB Lance Abramowitz 0-0: Ball
1-0: Foul Ball, location: 2F
1-1: Called Strike
1-2: Ball
2-2: Ball
3-2: Foul Ball, location: 3F, Error on foul ball, E3
3-2: Grounds into double play, 6-4-3 (Groundball, 6, EV 76.9 MPH)
Batting: LHB Marc Guilfoy 0-0: DOUBLE (Line Drive, 3D, EV 96.9 MPH)
Pinch Hitting: LHB Archibald Rowe 0-0: Ball
1-0: Swinging Strike
1-1: Called Strike
1-2: DOUBLE (Line Drive, 89D, EV 108.1 MPH)
Marc Guilfoy scores
Pitching: RHP Caden Seder
Pinch Hitting: LHB John Parker 0-0: Ball
1-0: Ball
2-0: Called Strike
2-1: Foul Ball, location: 2F
2-2: Strikes out looking
Bottom of the 9th over - 1 run, 3 hits, 1 error, 1 left on base; Puhi 4 - Tulsa 1
Wednesday, May 1st , 2024 - OOTP Baseball 23.10 Build 110